 Dungeon Crawl Stone Soup version 0.31-a0-496-g6f97920a28 (webtiles) character file.

Game seed: 130823790880824628

88 CraigForest the Cudgeller (level 4, 0/29 HPs)
             Began as a Gargoyle Monk on Aug 8, 2023.
             Slain by a gnoll
             ... wielding a +0 whip
              (2 damage)
             ... on level 2 of the Dungeon.
             The game lasted 00:05:24 (950 turns).

CraigForest the Cudgeller (Gargoyle Monk)            Turns: 950, Time: 00:05:25

Health: 0/29       AC:  9    Str: 14    XL:     4   Next: 54%
Magic:  4/4        EV: 10    Int: 11    God:
Gold:   43         SH:  0    Dex: 14    Spells: 3/3 levels left

rFire   . . .        a - +0 mace
rCold   . . .        d - orb {light}
rNeg    + . .        n - +0 scale mail
rPois   ∞            (no helmet)
rElec   +            (no cloak)
rCorr   .            (no gloves)
SInv    .            (no boots)
Will    .....        (no amulet) Stlth
                     (no ring)
HPRegen 0.24/turn    (no ring)
MPRegen 0.09/turn

%: no passive effects
@: glowing
A: sickness immunity, AC +3, negative energy resistance 1, electricity
resistance, torment resistance 1, petrification resistance
a: no special abilities


You were on level 2 of the Dungeon.
You visited 1 branch of the dungeon, and saw 2 of its levels.

You collected 43 gold pieces.

Inventory:

Hand Weapons
 a - a +0 mace (weapon)
 k - a +0 short sword
Armour
 b - a +0 robe
 d - an orb of light (worn)
 f - a +0 ring mail
 n - a +0 scale mail (worn)
Jewellery
 g - an amulet of magic regeneration
Talismans
 h - a talisman of death
Scrolls
 e - a scroll of revelation {unknown}
 p - a scroll of immolation {unknown}
Potions
 c - a potion of ambrosia
 i - a potion of curing {unknown}
 j - 2 potions of lignification {unknown}
 l - a potion of haste {unknown}
 m - a potion of heal wounds {unknown}
 o - a potion of magic {unknown}


   Skills:
 + Level 3.8 Fighting
 + Level 3.8 Maces & Flails
 + Level 0.9 Armour
 + Level 3.3 Dodging
 + Level 0.2 Stealth


You had 3 spell levels left.
You didn't know any spells.
Your spell library contained the following spells:

 Spells                   Type           Power      Damage    Failure   Level
 Ensorcelled Hibernation  Hex/Ice        0%         N/A       93%         2
 Passwall                 Tmut/Erth      0%         N/A       93%         2
 Swiftness                Air            0%         N/A       99%         3


Dungeon Overview and Level Annotations

Branches:
Dungeon (2/15)

Altars:


Innate Abilities, Weirdness & Mutations

You are immune to sickness and miasma.
Your stone body is resilient. (AC +3)
You are immune to poison.
You resist negative energy. (rN+)
You are resistant to electric shocks. (rElec)
You are resistant to unholy torment.
You are immune to petrification.


Message History

Found a stone staircase leading down.
You hit the goblin.
You kill the goblin!
No target in view!
No target in view!
p - a scroll labelled JYDWUG QUJOT A gnoll comes into view.
It is wielding a +0 spear.
The gnoll shouts!
You hear a shout! 2 gnolls come into view.
The gnoll shouts! x2
A gnoll comes into view. It is wielding a +0 whip.
The gnoll shouts!
The gnoll hits you with a +0 halberd.
You barely miss the gnoll. The gnoll completely misses you.
The gnoll barely misses you. The gnoll hits you but does no damage.
You hit the gnoll.
The gnoll is heavily wounded.
The gnoll hits you but does no damage. x2
The gnoll hits you with a +0 halberd.
You hit the gnoll.
The gnoll is heavily wounded.
The gnoll closely misses you. The gnoll barely misses you.
The gnoll hits you but does no damage.
You hit the gnoll.
The gnoll is severely wounded.
The gnoll hits you from afar with a +0 spear.
The gnoll barely misses you. The gnoll hits you with a +0 halberd.
You are too injured to fight recklessly!
You are too injured to fight recklessly!
You are too injured to fight recklessly!
The gnoll attacks as you move away! The gnoll hits you with a +0 whip.
The gnoll attacks as you move away! The gnoll closely misses you. x2
The gnoll attacks as you move away! The gnoll hits you with a +0 whip.
* * * LOW HITPOINT WARNING * * *
The gnoll attacks as you move away! The gnoll hits you with a +0 whip.
* * * LOW HITPOINT WARNING * * *
The gnoll attacks as you move away! The gnoll hits you with a +0 whip.
* * * LOW HITPOINT WARNING * * *
The gnoll attacks as you move away! The gnoll hits you with a +0 whip.
You die...

#...........##..#
#........##....# .
#........#....# ..
#........)....###.##
##....)...##........#
#......†.............
#........####........
...#.......###........
...#.#...@......#......
....#....g...#..##.....
......##..g....## .....
#######...g.>## ....
#.......#..# .?..
#.)....##g## ...
#....##....#####
#....###.......###
#.....# ####......#


You could see 4 gnolls.

Vanquished Creatures
  A hound (D:2)
  A gnoll (D:1)
  3 dart slugs (D:1)
  8 endoplasms (D:1)
  6 goblins
  5 hobgoblins (D:1)
  2 quokkas (D:1)
  5 bats
  4 frilled lizards (D:1)
  3 kobolds
  3 rats (D:1)
41 creatures vanquished.

Notes
Turn   | Place    | Note
-------+----------+-------------------------------------------
     0 | D:1      | CraigForest the Gargoyle Monk began the quest for the Orb.
     0 | D:1      | Reached XP level 1. HP: 14/14 MP: 1/1
    83 | D:1      | Reached XP level 2. HP: 5/19 MP: 2/2
   434 | D:1      | Reached XP level 3. HP: 22/23 MP: 3/3
   881 | D:2      | Reached XP level 4. HP: 24/29 MP: 4/4
   950 | D:2      | Slain by a gnoll

Illustrated notes

Levels and vault maps discovered:
D:1:      wander_arrival_fairy_ring, layout_loops_ring, minmay_hexomino_u4
D:2:      layout_rooms, shapermc_ecumenical_altar_notcrosses,
          hangedman_decor_slide_cut, uniq_jessica, uniq_crazy_yiuf_cottage,
          uniq_terence

Skill      XL: |  1  2 |
---------------+-------+-----
Dodging        | 3 |  3.3
Fighting       | |  3.8
Maces & Flails | |  3.8
Armour         | |  0.9
Stealth        | |  0.2

Action                     |  1- 3 |  4- 6 || total
---------------------------+-------+-------++-------
  Melee: Mace              |   118 |     6 ||   124
 Armour: Robe              |     4 |       ||     4
         Ring mail         |    58 |       ||    58
         Scale mail        |       |     5 ||     5
  Dodge: Dodged            |    64 |     8 ||    72

Table legend: (Time is in decaauts)
 A = Elapsed time spent in this place.
 B = Non-inter-level travel time spent in this place.
 C = Inter-level travel time spent in this place.
 D = Time resting spent in this place.
 E = Time spent auto-exploring this place.
 F = Levels seen in this place.
 G = Mean time per level.
                   A        B        C        D        E       F      G
               +--------+--------+--------+--------+--------+-----+--------+
         Total |    978 |    839 |    139 |      0 |    521 |   2 |  489.0 |
       Dungeon |    978 |    839 |    139 |      0 |    521 |   2 |  489.0 |
               +--------+--------+--------+--------+--------+-----+--------+

Top non-repeatable levels by time:
     D:1: 869 daAuts
     D:2: 109 daAuts
